Senators vs Mulligans
(R1)
Created - March 28, 2018 at 23:01
Goals
|
| Senators |
0 |
1 |
0 |
1 |
| Mulligans |
1 |
1 |
0 |
2 |
|
Shots
|
| Senators |
8 |
3 |
9 |
20 |
| Mulligans |
10 |
8 |
11 |
29 |
|
1st period
1. Mulligans , Logan Shaw 23 (Matt Beleskey 29, Anton Lander 28) at 15:02
Penalties :
Nick Bonino (Rep) for Boarding (Minor) at 1:33, Chris Thorburn (BIN) for Roughing (Minor) at 8:02, Chris Thorburn (BIN) for Interference (Minor) at 15:17, Logan Stephenson (BIN) for Slashing (Minor) at 15:40
2nd period
2. Mulligans , Eric Tangradi 46 (Thomas Hickey 44, Jonathan Tremblay 31) at 0:27 (PP)
3. Senators , Stephane Da Costa 50 (Chris Thorburn 52, Logan Stephenson 30) at 12:38
Penalties :
Gabriel Bourque (BIN) for Holding (Minor) at 0:13, Nick Bonino (Rep) for Fighting (Major) at 0:31, Arturs Kulda (BIN) for Fighting (Major) at 0:31, Nick Bonino (Rep) for instigated a fight (Minor) at 0:31, Nick Bonino (Rep) for instigated and being the aggresor in a fight (20 Minutes Game Misconduct) at 0:31, Logan Stephenson (BIN) for High sticking (Minor) at 9:22, Jeff Petry (BIN) for Slashing (Minor) at 15:21
3rd period
No Goal
Penalties :
Patrick Bordeleau (BIN) for Holding (Minor) at 4:52, Thomas Hickey (Rep) for Hooking (Minor) at 13:20, Ryan Dzingel (BIN) for High sticking (Minor) at 18:07
Goalie Stats
Ben Bishop (BIN), 27 saves from 29 shots - (0.931), L, 5-10-2, 60:00 minutes
Calvin Pickard (Rep), 19 saves from 20 shots - (0.950), W, 12-6-1, 60:00 minutes
Players Stats for Senators
Player Name G A P +/- PIM S H SB GA TA FO MP PP MP PK MP
------------------------------------------------------------------------------------
Arturs Kulda 0 0 0 0 5 2 2 0 1 1 0/0 27:16 2:17 7:28
Chandler Stephenson 0 0 0 1 0 0 1 0 0 0 0/0 8:24 0:00 1:09
Chris Thorburn 0 1 1 0 4 0 5 1 1 0 1/1 20:15 3:28 4:54
Dylan Blujus 0 0 0 0 0 1 1 0 0 1 0/0 14:55 1:13 2:47
Freddie Hamilton 0 0 0 0 0 0 2 0 0 0 0/0 8:20 0:00 0:00
Gabriel Bourque 0 0 0 -1 2 0 1 0 1 0 2/3 16:47 3:28 3:17
Jarrod Maidens 0 0 0 0 0 0 1 0 0 0 0/0 2:50 0:00 0:00
Jeff Petry 0 0 0 -1 2 2 1 4 0 1 0/0 22:41 2:27 5:09
Logan Stephenson 0 1 1 0 4 2 2 0 1 0 0/0 26:27 3:30 5:06
Marc-André Bernier 0 0 0 0 0 0 3 0 0 0 1/1 13:59 0:00 2:53
Matt Frattin 0 0 0 0 0 3 1 0 0 0 0/0 13:40 2:29 0:00
Patrick Bordeleau 0 0 0 0 2 3 3 0 1 0 1/1 13:56 2:29 0:00
Phil Di Giuseppe 0 0 0 0 0 0 1 0 0 0 0/0 8:01 0:00 0:00
Ryan Dzingel 0 0 0 1 2 1 2 0 0 0 0/0 13:03 0:00 1:48
Shane Prince 0 0 0 1 0 1 0 0 0 0 1/4 9:55 0:00 0:00
Shane Sims 0 0 0 -1 0 1 2 0 0 0 0/0 22:34 2:27 3:55
Stephane Da Costa 1 0 1 0 0 3 2 1 1 0 14/27 25:48 3:28 6:16
Tommy Wingels 0 0 0 0 0 1 1 0 0 0 3/9 17:00 2:29 3:17
Players Stats for Mulligans
Player Name G A P +/- PIM S H SB GA TA FO MP PP MP PK MP
------------------------------------------------------------------------------------
Anton Lander 0 1 1 1 0 1 2 0 0 0 5/9 16:38 4:31 2:41
Ben Hutton 0 0 0 0 0 0 0 1 0 0 0/0 0:55 0:00 0:00
Benn Ferriero 0 0 0 -1 0 0 2 0 0 0 1/1 12:18 0:16 0:00
Cade Fairchild 0 0 0 1 0 2 0 0 0 0 0/0 22:42 5:01 3:17
Christoph Bertschy 0 0 0 0 0 0 1 0 0 0 1/4 11:28 1:54 0:47
Cody Goloubef 0 0 0 1 0 1 0 0 0 3 0/0 20:59 5:01 3:17
Dalton Thrower 0 0 0 -1 0 0 0 0 0 0 0/0 9:37 0:00 0:05
Darren Dietz 0 0 0 -1 0 0 0 1 0 0 0/0 13:49 0:00 0:43
Drayson Bowman 0 0 0 -1 0 1 0 0 1 1 0/0 12:21 0:00 0:12
Eric Tangradi 1 0 1 0 0 6 2 0 0 1 0/0 22:35 6:59 3:13
Jonathan Tremblay 0 1 1 0 0 3 5 1 0 1 1/1 21:48 6:57 0:40
Joonas Donskoi 0 0 0 0 0 2 1 0 0 0 3/6 11:24 3:55 0:00
Logan Shaw 1 0 1 1 0 3 2 1 0 0 3/3 16:56 4:59 2:23
Matt Beleskey 0 1 1 1 0 2 0 0 0 0 0/0 12:25 4:19 0:00
Matt Niskanen 0 0 0 0 0 1 3 2 0 0 0/0 26:09 7:23 2:40
Maxime Macenauer 0 0 0 -1 0 2 1 2 0 0 1/4 12:00 0:00 0:00
Nick Bonino 0 0 0 0 29 4 0 0 1 0 4/11 8:18 2:47 0:00
Sven Baertschi 0 0 0 0 0 1 1 0 0 0 4/7 15:49 0:35 1:58
Thomas Hickey 0 1 1 0 2 0 3 3 1 0 0/0 25:49 7:23 1:52
3 Stars
1 - Logan Shaw (Rep)
2 - Eric Tangradi (Rep)
3 - Jonathan Tremblay (Rep)
Power Play
Senators - 0 on 3 Attempt(s) - 0.00%
Mulligans - 1 on 8 Attempt(s) - 12.50%
Penalty Kill
Senators - 7 on 8 Attempt(s) - 87.50%
- Score 0 goal in Penalty Kill
Mulligans - 3 on 3 Attempt(s) - 100.00%
- Score 0 goal in Penalty Kill
Team Stat
Senators - Hits : 31 - Faceoff Wins : 23 - Blocked Shots : 6 - Penalty Minutes : 21
Mulligans - Hits : 23 - Faceoff Wins : 23 - Blocked Shots : 11 - Penalty Minutes : 31
Official
Referees : Martell Rob and Banfield David
Linesman : Lonnie Cameron and Tim Nowak
Game Notes
Ben Hutton is injured at 5:33 of 1st period (Bruised Left Leg)
Arturs Kulda beats up Nick Bonino at 0:31 of 2nd period
Nick Bonino ejected from game at 0:31 of 2nd period
Nick Bonino from Mulligans is suspended for 2 game(s)
Finance
Level 1 -- Attendance: 1650 (82.50%) -- Ticket Income $41,250
Level 2 -- Attendance: 732 (73.20%) -- Ticket Income $8,784
Total Attendance: 2382 (79.40%)
Total Ticket Income: $50,034
Other Income: $2,502
Total Income: $52,536
Senators
5 vs 5 Forward
Center Left Wing Right Wing Time % Phy DF OF
1 Stephane Da Costa Gabriel Bourque Chris Thorburn 40 1 2 2
2 Tommy Wingels Patrick Bordeleau Matt Frattin 30 1 2 2
3 Shane Prince Ryan Dzingel Marc-André Bernier 20 1 2 2
4 Freddie Hamilton Phil Di Giuseppe Stephane Da Costa 10 1 2 2
5 vs 5 Defense
Defense Defense Time % Phy DF OF
1 Arturs Kulda Logan Stephenson 40 1 2 2
2 Shane Sims Jeff Petry 30 1 2 2
3 Dylan Blujus Arturs Kulda 20 1 2 2
4 Logan Stephenson Shane Sims 10 1 2 2
PowerPlay Forward
Center Left Wing Right Wing Time % Phy DF OF
1 Stephane Da Costa Gabriel Bourque Chris Thorburn 60 1 2 2
2 Tommy Wingels Patrick Bordeleau Matt Frattin 40 1 2 2
PowerPlay Defense
Defense Defense Time % Phy DF OF
1 Arturs Kulda Logan Stephenson 60 1 2 2
2 Shane Sims Jeff Petry 40 1 2 2
Penalty Kill 4 Players Forward
Center Wing Time % Phy DF OF
1 Stephane Da Costa Chris Thorburn 60 1 2 2
2 Gabriel Bourque Tommy Wingels 40 1 2 2
Penalty Kill 4 Players Defense
Defense Defense Time % Phy DF OF
1 Arturs Kulda Logan Stephenson 60 1 2 2
2 Shane Sims Jeff Petry 40 1 2 2
Penalty Kill - 3 Players Forward
Forward Time % Phy DF OF
1 Stephane Da Costa 60 1 2 2
2 Chris Thorburn 40 1 2 2
Penalty Kill - 3 Players Defense
Defense Defense Time % Phy DF OF
1 Arturs Kulda Logan Stephenson 60 1 2 2
2 Shane Sims Jeff Petry 40 1 2 2
4 vs 4 Forward
Center Wing Time % Phy DF OF
1 Stephane Da Costa Chris Thorburn 60 1 2 2
2 Gabriel Bourque Tommy Wingels 40 1 2 2
4 vs 4 Defense
Defense Defense Time % Phy DF OF
1 Arturs Kulda Logan Stephenson 60 1 2 2
2 Shane Sims Jeff Petry 40 1 2 2
Last Minutes Offensive
Center Left Wing Right Wing Defense Defense
Stephane Da Costa Gabriel Bourque Chris Thorburn Arturs Kulda Logan Stephenson
Last Minutes Defensive
Center Left Wing Right Wing Defense Defense
Stephane Da Costa Gabriel Bourque Chris Thorburn Arturs Kulda Logan Stephenson
Goaltenders
Starting : Ben Bishop
Backup : Brad Thiessen
Extra Forwards
Normal : Chandler Stephenson, Jarrod Maidens, Marc-André Bernier - PP : Chandler Stephenson, Jarrod Maidens - PK : Marc-André Bernier
Extra Defensemen
Normal : Dylan Blujus, Jeff Petry, Arturs Kulda - PP : Dylan Blujus - PK : Jeff Petry, Arturs Kulda
Penalty Shots
Stephane Da Costa, Chris Thorburn, Gabriel Bourque, Tommy Wingels, Matt Frattin
Scratches
Zemgus Girgensons (Healthy), Tomas Jurco (Left Leg Injury), Olli Maatta (Healthy), Keegan Lowe (Healthy), Ian Cole (Sprained Right Knee Injury)
Matt Murray (Healthy), Matt Tomkins (Healthy)
Mulligans
5 vs 5 Forward
Center Left Wing Right Wing Time % Phy DF OF
1 Nick Bonino Eric Tangradi Jonathan Tremblay 40 0 2 3
2 Anton Lander Matt Beleskey Logan Shaw 30 0 2 3
3 Maxime Macenauer Drayson Bowman Benn Ferriero 20 0 2 3
4 Christoph Bertschy Sven Baertschi Joonas Donskoi 10 0 2 3
5 vs 5 Defense
Defense Defense Time % Phy DF OF
1 Thomas Hickey Matt Niskanen 40 0 3 2
2 Cade Fairchild Cody Goloubef 30 0 3 2
3 Ben Hutton Darren Dietz 20 0 3 2
4 Dalton Thrower Matt Niskanen 10 0 3 2
PowerPlay Forward
Center Left Wing Right Wing Time % Phy DF OF
1 Nick Bonino Eric Tangradi Jonathan Tremblay 60 0 1 4
2 Anton Lander Matt Beleskey Logan Shaw 40 0 1 4
PowerPlay Defense
Defense Defense Time % Phy DF OF
1 Thomas Hickey Matt Niskanen 60 0 2 3
2 Cade Fairchild Cody Goloubef 40 0 2 3
Penalty Kill 4 Players Forward
Center Wing Time % Phy DF OF
1 Nick Bonino Eric Tangradi 60 1 2 2
2 Jonathan Tremblay Anton Lander 40 1 2 2
Penalty Kill 4 Players Defense
Defense Defense Time % Phy DF OF
1 Cade Fairchild Cody Goloubef 60 1 4 0
2 Matt Niskanen Thomas Hickey 40 1 4 0
Penalty Kill - 3 Players Forward
Forward Time % Phy DF OF
1 Nick Bonino 60 1 3 1
2 Eric Tangradi 40 1 3 1
Penalty Kill - 3 Players Defense
Defense Defense Time % Phy DF OF
1 Thomas Hickey Matt Niskanen 60 1 4 0
2 Cade Fairchild Cody Goloubef 40 1 4 0
4 vs 4 Forward
Center Wing Time % Phy DF OF
1 Nick Bonino Eric Tangradi 60 1 2 2
2 Jonathan Tremblay Anton Lander 40 1 2 2
4 vs 4 Defense
Defense Defense Time % Phy DF OF
1 Thomas Hickey Matt Niskanen 60 1 2 2
2 Cade Fairchild Cody Goloubef 40 1 2 2
Last Minutes Offensive
Center Left Wing Right Wing Defense Defense
Nick Bonino Eric Tangradi Jonathan Tremblay Thomas Hickey Matt Niskanen
Last Minutes Defensive
Center Left Wing Right Wing Defense Defense
Nick Bonino Eric Tangradi Jonathan Tremblay Thomas Hickey Matt Niskanen
Goaltenders
Starting : Calvin Pickard
Backup : Anders Lindback
Extra Forwards
Normal : Sven Baertschi, Christoph Bertschy, Logan Shaw - PP : Joonas Donskoi, Christoph Bertschy - PK : Logan Shaw
Extra Defensemen
Normal : Cade Fairchild, Ben Hutton, Darren Dietz - PP : Cade Fairchild - PK : Ben Hutton, Darren Dietz
Penalty Shots
Nick Bonino, Eric Tangradi, Jonathan Tremblay, Anton Lander, Maxime Macenauer
Scratches
Reid Boucher (Healthy), Nick Shore (Healthy), Mario Lucia (Healthy), Adam Lowry (Healthy), Derek Dorsett (Healthy)
Marek Langhamer (Healthy)
% Time on Ice - Senators
Lines # - Real PCT - Wanted PCT - Time Play
Normal Forward
1 - 29% - 40% - 12:07
2 - 29% - 30% - 12:04
3 - 23% - 20% - 9:44
4 - 19% - 10% - 7:44
Normal Defense
1 - 39% - 40% - 16:19
2 - 33% - 30% - 13:44
3 - 21% - 20% - 8:33
4 - 7% - 10% - 3:03
PP Forward
1 - 58% - 60% - 3:28
2 - 42% - 40% - 2:29
PP Defense
1 - 59% - 60% - 3:30
2 - 41% - 40% - 2:27
PK Forward
1 - 68% - 60% - 7:20
2 - 32% - 40% - 3:28
PK Defense
1 - 64% - 60% - 6:57
2 - 36% - 40% - 3:51
PK3 Forward
1 - 66% - 60% - 1:03
2 - 34% - 40% - 0:33
PK3 Defense
1 - 100% - 60% - 1:36
2 - 0% - 40% - 0:00
44 Forward
1 - 0% - 60%
2 - 0% - 40%
44 Defense
1 - 0% - 60%
2 - 0% - 40%
Last Minute Offensive - 0:00
Last Minute Defensive - 0:00
Total
Forward - 60:00
Defense - 60:00
|
% Time on Ice - Mulligans
Lines # - Real PCT - Wanted PCT - Time Play
Normal Forward
1 - 35% - 40% - 14:26
2 - 24% - 30% - 9:52
3 - 29% - 20% - 12:00
4 - 13% - 10% - 5:21
Normal Defense
1 - 22% - 40% - 9:10
2 - 35% - 30% - 14:47
3 - 33% - 20% - 13:36
4 - 10% - 10% - 4:06
PP Forward
1 - 65% - 60% - 8:05
2 - 35% - 40% - 4:19
PP Defense
1 - 60% - 60% - 7:23
2 - 40% - 40% - 5:01
PK Forward
1 - 89% - 60% - 5:17
2 - 11% - 40% - 0:40
PK Defense
1 - 55% - 60% - 3:17
2 - 45% - 40% - 2:40
PK3 Forward
1 - 0% - 60%
2 - 0% - 40%
PK3 Defense
1 - 0% - 60%
2 - 0% - 40%
44 Forward
1 - 0% - 60%
2 - 0% - 40%
44 Defense
1 - 0% - 60%
2 - 0% - 40%
Last Minute Offensive - 0:00
Last Minute Defensive - 0:00
Total
Forward - 60:00
Defense - 60:00
|
Play by Play
1st period
0:01 of 1st period - Stephane Da Costa wins face-off versus Nick Bonino in neutral zone.
0:06 of 1st period - Snap shot by Gabriel Bourque.
0:06 of 1st period - Shot Blocked by Thomas Hickey.
0:50 of 1st period - Snap shot by Tommy Wingels.
0:50 of 1st period - Shot Misses the Net.
0:52 of 1st period - Slapshot by Logan Stephenson.
0:52 of 1st period - Stopped by Calvin Pickard with a rebound.
0:54 of 1st period - Slapshot by Logan Stephenson.
0:54 of 1st period - Shot Blocked by Maxime Macenauer.
0:56 of 1st period - Wrist shot by Logan Stephenson.
0:56 of 1st period - Shot Misses the Net.
0:58 of 1st period - Slapshot by Logan Stephenson.
0:58 of 1st period - Shot Blocked by Maxime Macenauer.
1:15 of 1st period - Off-side.
1:16 of 1st period - Nick Bonino wins face-off versus Stephane Da Costa in neutral zone.
1:19 of 1st period - Jeff Petry is hit by Jonathan Tremblay and loses puck.
1:33 of 1st period - Minor Penalty to Nick Bonino for Boarding.
1:34 of 1st period - Logan Shaw wins face-off versus Stephane Da Costa in Mulligans zone.
2:06 of 1st period - Slapshot by Arturs Kulda.
2:06 of 1st period - Stopped by Calvin Pickard with a rebound.
2:08 of 1st period - Wrist shot by Patrick Bordeleau.
2:08 of 1st period - Stopped by Calvin Pickard without a rebound.
2:09 of 1st period - Anton Lander wins face-off versus Stephane Da Costa in Mulligans zone.
2:38 of 1st period - Slapshot by Shane Sims.
2:38 of 1st period - Stopped by Calvin Pickard with a rebound.
3:32 of 1st period - Jeff Petry is hit by Thomas Hickey and loses puck.
3:33 of 1st period - Penalty to Nick Bonino is over, Nick Bonino is back on ice.
3:45 of 1st period - Sven Baertschi is hit by Marc-André Bernier and loses puck.
4:18 of 1st period - Wrist shot by Jonathan Tremblay.
4:18 of 1st period - Stopped by Ben Bishop with a rebound.
4:22 of 1st period - Slapshot by Nick Bonino.
4:22 of 1st period - Stopped by Ben Bishop with a rebound.
5:16 of 1st period - Snap shot by Nick Bonino.
5:16 of 1st period - Stopped by Ben Bishop with a rebound.
5:18 of 1st period - Slapshot by Jonathan Tremblay.
5:18 of 1st period - Deflect By Nick Bonino.
5:18 of 1st period - Deflect By Stephane Da Costa.
5:18 of 1st period - Stopped by Ben Bishop without a rebound.
5:19 of 1st period - Maxime Macenauer wins face-off versus Tommy Wingels in Senators zone.
5:27 of 1st period - Icing by Logan Stephenson.
5:28 of 1st period - Patrick Bordeleau wins face-off versus Maxime Macenauer in Senators zone.
5:33 of 1st period - Wrist shot by Tommy Wingels.
5:33 of 1st period - Shot Blocked by Ben Hutton.
5:33 of 1st period - Ben Hutton from Mulligans is injured at 5:33 of 1st period (Bruised Left Leg).
5:34 of 1st period - Stephane Da Costa wins face-off versus Nick Bonino in Mulligans zone.
6:08 of 1st period - Slapshot by Shane Sims.
6:08 of 1st period - Deflect By Patrick Bordeleau.
6:08 of 1st period - Stopped by Calvin Pickard with a rebound.
6:24 of 1st period - Slapshot by Matt Niskanen.
6:24 of 1st period - Deflect By Jeff Petry.
6:24 of 1st period - Stopped by Ben Bishop without a rebound.
6:25 of 1st period - Benn Ferriero wins face-off versus Shane Prince in Senators zone.
6:32 of 1st period - Slapshot by Arturs Kulda.
6:32 of 1st period - Shot Blocked by Darren Dietz.
6:34 of 1st period - Slapshot by Arturs Kulda.
6:34 of 1st period - Stopped by Calvin Pickard with a rebound.
6:55 of 1st period - Snap shot by Eric Tangradi.
6:55 of 1st period - Stopped by Ben Bishop with a rebound.
6:57 of 1st period - Slapshot by Nick Bonino.
6:57 of 1st period - Shot Misses the Net.
7:16 of 1st period - Slapshot by Dylan Blujus.
7:16 of 1st period - Shot Misses the Net.
7:36 of 1st period - Backhand shot by Anton Lander.
7:36 of 1st period - Shot Blocked by Jeff Petry.
7:38 of 1st period - Snap shot by Matt Beleskey.
7:38 of 1st period - Shot Misses the Net.
7:40 of 1st period - Slapshot by Anton Lander.
7:40 of 1st period - Deflect By Matt Beleskey.
7:40 of 1st period - Stopped by Ben Bishop without a rebound.
7:41 of 1st period - Stephane Da Costa wins face-off versus Nick Bonino in Senators zone.
8:02 of 1st period - Minor Penalty to Chris Thorburn for Roughing.
8:03 of 1st period - Stephane Da Costa wins face-off versus Nick Bonino in Senators zone.
8:34 of 1st period - Logan Stephenson is hit by Matt Niskanen.
9:02 of 1st period - Snap shot by Gabriel Bourque.
9:02 of 1st period - Shot Misses the Net.
9:26 of 1st period - Logan Stephenson is hit by Thomas Hickey and loses puck.
10:02 of 1st period - Penalty to Chris Thorburn is over, Chris Thorburn is back on ice.
12:21 of 1st period - Christoph Bertschy is hit by Marc-André Bernier and loses puck.
12:52 of 1st period - Tommy Wingels is hit by Joonas Donskoi and loses puck.
13:30 of 1st period - Cade Fairchild is hit by Logan Stephenson and loses puck.
13:47 of 1st period - Snap shot by Nick Bonino.
13:47 of 1st period - Stopped by Ben Bishop with a rebound.
13:49 of 1st period - Snap shot by Eric Tangradi.
13:49 of 1st period - Shot Blocked by Chris Thorburn.
13:53 of 1st period - Snap shot by Eric Tangradi.
13:53 of 1st period - Stopped by Ben Bishop with a rebound.
14:25 of 1st period - Wrist shot by Matt Frattin.
14:25 of 1st period - Deflect By Tommy Wingels.
14:25 of 1st period - Stopped by Calvin Pickard without a rebound.
14:26 of 1st period - Tommy Wingels wins face-off versus Maxime Macenauer in Mulligans zone.
14:32 of 1st period - Off-side.
14:33 of 1st period - Nick Bonino wins face-off versus Tommy Wingels in neutral zone.
14:46 of 1st period - Wrist shot by Matt Frattin.
14:46 of 1st period - Stopped by Calvin Pickard with a rebound.
14:56 of 1st period - Slapshot by Cody Goloubef.
14:56 of 1st period - Shot Misses the Net.
15:02 of 1st period - Snap shot by Logan Shaw.
15:02 of 1st period - Goal by Logan Shaw - Senators : 0 - Mulligans : 1.
15:03 of 1st period - Stephane Da Costa wins face-off versus Nick Bonino in neutral zone.
15:17 of 1st period - Minor Penalty to Chris Thorburn for Interference.
15:18 of 1st period - Jonathan Tremblay wins face-off versus Stephane Da Costa in Senators zone.
15:40 of 1st period - Minor Penalty to Logan Stephenson for Slashing.
15:41 of 1st period - Nick Bonino wins face-off versus Stephane Da Costa in Senators zone.
16:11 of 1st period - Icing by Thomas Hickey.
16:12 of 1st period - Stephane Da Costa wins face-off versus Anton Lander in Mulligans zone.
16:49 of 1st period - Arturs Kulda is hit by Logan Shaw and loses puck.
17:04 of 1st period - Jeff Petry is hit by Jonathan Tremblay and loses puck.
17:17 of 1st period - Penalty to Chris Thorburn is over, Chris Thorburn is back on ice.
17:40 of 1st period - Penalty to Logan Stephenson is over, Logan Stephenson is back on ice.
18:15 of 1st period - Benn Ferriero is hit by Dylan Blujus.
18:40 of 1st period - Benn Ferriero is hit by Stephane Da Costa and loses puck.
Goals for this period are 0 for Senators vs 1 for Mulligans.
Shots for this period are 8 for Senators vs 10 for Mulligans.
2nd period
0:01 of 2nd period - Nick Bonino wins face-off versus Stephane Da Costa in neutral zone.
0:06 of 2nd period - Stephane Da Costa is hit by Eric Tangradi.
0:13 of 2nd period - Minor Penalty to Gabriel Bourque for Holding.
0:14 of 2nd period - Stephane Da Costa wins face-off versus Nick Bonino in Senators zone.
0:27 of 2nd period - Slapshot by Eric Tangradi.
0:27 of 2nd period - Goal by Eric Tangradi - Senators : 0 - Mulligans : 2.
0:28 of 2nd period - Chris Thorburn wins face-off versus Nick Bonino in neutral zone.
0:31 of 2nd period - Arturs Kulda beats up Nick Bonino.
0:31 of 2nd period - Penalty to Nick Bonino for Fighting.
0:31 of 2nd period - Penalty to Arturs Kulda for Fighting.
0:31 of 2nd period - Penalty to Nick Bonino for instigated a fight.
0:31 of 2nd period - Penalty to Nick Bonino for instigated and being the aggresor in a fight.
0:31 of 2nd period - Nick Bonino is ejected from game.
0:32 of 2nd period - Logan Shaw wins face-off versus Stephane Da Costa in Mulligans zone.
0:41 of 2nd period - Wrist shot by Eric Tangradi.
0:41 of 2nd period - Shot Misses the Net.
1:30 of 2nd period - Anton Lander is hit by Patrick Bordeleau and loses puck.
2:16 of 2nd period - Eric Tangradi is hit by Logan Stephenson and loses puck.
2:29 of 2nd period - Logan Shaw is hit by Chris Thorburn and loses puck.
2:31 of 2nd period - Penalty to Nick Bonino is over, Joonas Donskoi is send on ice.
4:04 of 2nd period - Snap shot by Stephane Da Costa.
4:04 of 2nd period - Stopped by Calvin Pickard without a rebound.
4:05 of 2nd period - Christoph Bertschy wins face-off versus Tommy Wingels in Mulligans zone.
4:30 of 2nd period - Drayson Bowman is hit by Shane Sims and loses puck.
4:37 of 2nd period - Snap shot by Maxime Macenauer.
4:37 of 2nd period - Stopped by Ben Bishop without a rebound.
4:38 of 2nd period - Marc-André Bernier wins face-off versus Christoph Bertschy in Senators zone.
5:45 of 2nd period - Matt Frattin is hit by Eric Tangradi and loses puck.
6:20 of 2nd period - Shane Sims is hit by Anton Lander and loses puck.
8:33 of 2nd period - Icing by Patrick Bordeleau.
8:34 of 2nd period - Tommy Wingels wins face-off versus Christoph Bertschy in Senators zone.
8:45 of 2nd period - Ryan Dzingel is hit by Benn Ferriero and loses puck.
8:52 of 2nd period - Shane Prince is hit by Maxime Macenauer and loses puck.
9:07 of 2nd period - Slapshot by Cody Goloubef.
9:07 of 2nd period - Stopped by Ben Bishop without a rebound.
9:08 of 2nd period - Sven Baertschi wins face-off versus Stephane Da Costa in Senators zone.
9:11 of 2nd period - Wrist shot by Eric Tangradi.
9:11 of 2nd period - Stopped by Ben Bishop with a rebound.
9:15 of 2nd period - Slapshot by Eric Tangradi.
9:15 of 2nd period - Shot Misses the Net.
9:17 of 2nd period - Snap shot by Eric Tangradi.
9:17 of 2nd period - Shot Misses the Net.
9:19 of 2nd period - Snap shot by Cody Goloubef.
9:19 of 2nd period - Deflect By Jonathan Tremblay.
9:19 of 2nd period - Shot Misses the Net.
9:19 of 2nd period - Puck is out of play.
9:20 of 2nd period - Stephane Da Costa wins face-off versus Anton Lander in Senators zone.
9:22 of 2nd period - Minor Penalty to Logan Stephenson for High sticking.
9:23 of 2nd period - Stephane Da Costa wins face-off versus Joonas Donskoi in Senators zone.
9:33 of 2nd period - Chris Thorburn is hit by Matt Niskanen and loses puck.
10:12 of 2nd period - Dylan Blujus is hit by Jonathan Tremblay and loses puck.
10:41 of 2nd period - Arturs Kulda is hit by Christoph Bertschy and loses puck.
11:04 of 2nd period - Snap shot by Marc-André Bernier.
11:04 of 2nd period - Shot Misses the Net.
11:10 of 2nd period - Backhand shot by Shane Sims.
11:10 of 2nd period - Shot Misses the Net.
11:22 of 2nd period - Penalty to Logan Stephenson is over, Logan Stephenson is back on ice.
11:38 of 2nd period - Chris Thorburn is hit by Benn Ferriero and loses puck.
11:55 of 2nd period - Maxime Macenauer is hit by Chandler Stephenson and loses puck.
12:02 of 2nd period - Wrist shot by Stephane Da Costa.
12:02 of 2nd period - Shot Misses the Net.
12:04 of 2nd period - Wrist shot by Chris Thorburn.
12:04 of 2nd period - Shot Misses the Net.
12:21 of 2nd period - Benn Ferriero is hit by Chris Thorburn and loses puck.
12:38 of 2nd period - Wrist shot by Stephane Da Costa.
12:38 of 2nd period - Goal by Stephane Da Costa - Senators : 1 - Mulligans : 2.
12:39 of 2nd period - Anton Lander wins face-off versus Tommy Wingels in neutral zone.
12:54 of 2nd period - Wrist shot by Matt Frattin.
12:54 of 2nd period - Stopped by Calvin Pickard without a rebound.
12:55 of 2nd period - Sven Baertschi wins face-off versus Shane Prince in Mulligans zone.
13:25 of 2nd period - Matt Niskanen is hit by Matt Frattin.
13:43 of 2nd period - Slapshot by Cade Fairchild.
13:43 of 2nd period - Deflect By Arturs Kulda.
13:43 of 2nd period - Stopped by Ben Bishop with a rebound.
14:07 of 2nd period - Snap shot by Eric Tangradi.
14:07 of 2nd period - Shot Blocked by Jeff Petry.
14:37 of 2nd period - Slapshot by Logan Shaw.
14:37 of 2nd period - Stopped by Ben Bishop with a rebound.
14:47 of 2nd period - Stephane Da Costa is hit by Jonathan Tremblay.
15:09 of 2nd period - Wrist shot by Drayson Bowman.
15:09 of 2nd period - Deflect By Maxime Macenauer.
15:09 of 2nd period - Stopped by Ben Bishop with a rebound.
15:11 of 2nd period - Slapshot by Drayson Bowman.
15:11 of 2nd period - Stopped by Ben Bishop with a rebound.
15:13 of 2nd period - Wrist shot by Benn Ferriero.
15:13 of 2nd period - Shot Misses the Net.
15:15 of 2nd period - Snap shot by Maxime Macenauer.
15:15 of 2nd period - Shot Misses the Net.
15:21 of 2nd period - Minor Penalty to Jeff Petry for Slashing.
15:22 of 2nd period - Joonas Donskoi wins face-off versus Gabriel Bourque in Senators zone.
15:31 of 2nd period - 10 Minutes Misconduct Penalty to Nick Bonino is over.
17:14 of 2nd period - Christoph Bertschy is hit by Gabriel Bourque.
17:21 of 2nd period - Penalty to Jeff Petry is over, Jeff Petry is back on ice.
18:42 of 2nd period - Matt Beleskey is hit by Shane Sims and loses puck.
19:01 of 2nd period - Benn Ferriero is hit by Phil Di Giuseppe and loses puck.
19:42 of 2nd period - Cade Fairchild is hit by Freddie Hamilton and loses puck.
19:55 of 2nd period - Sven Baertschi is hit by Ryan Dzingel and loses puck.
Goals for this period are 1 for Senators vs 1 for Mulligans.
Shots for this period are 3 for Senators vs 8 for Mulligans.
3rd period
0:01 of 3rd period - Stephane Da Costa wins face-off versus Sven Baertschi in neutral zone.
0:04 of 3rd period - Slapshot by Logan Stephenson.
0:04 of 3rd period - Shot Misses the Net.
0:14 of 3rd period - Snap shot by Eric Tangradi.
0:14 of 3rd period - Shot Misses the Net.
0:16 of 3rd period - Wrist shot by Jonathan Tremblay.
0:16 of 3rd period - Stopped by Ben Bishop with a rebound.
0:26 of 3rd period - Matt Beleskey is hit by Patrick Bordeleau and loses puck.
0:47 of 3rd period - Wrist shot by Shane Prince.
0:47 of 3rd period - Stopped by Calvin Pickard with a rebound.
0:49 of 3rd period - Wrist shot by Marc-André Bernier.
0:49 of 3rd period - Shot Misses the Net.
0:51 of 3rd period - Slapshot by Logan Stephenson.
0:51 of 3rd period - Stopped by Calvin Pickard without a rebound.
0:52 of 3rd period - Shane Prince wins face-off versus Sven Baertschi in Mulligans zone.
0:53 of 3rd period - Snap shot by Marc-André Bernier.
0:53 of 3rd period - Shot Blocked by Matt Niskanen.
0:55 of 3rd period - Snap shot by Marc-André Bernier.
0:55 of 3rd period - Shot Misses the Net.
0:57 of 3rd period - Snap shot by Ryan Dzingel.
0:57 of 3rd period - Shot Hit the Post.
0:59 of 3rd period - Wrist shot by Marc-André Bernier.
0:59 of 3rd period - Shot Blocked by Jonathan Tremblay.
1:01 of 3rd period - Slapshot by Shane Sims.
1:01 of 3rd period - Shot Misses the Net.
1:03 of 3rd period - Slapshot by Jeff Petry.
1:03 of 3rd period - Stopped by Calvin Pickard with a rebound.
1:05 of 3rd period - Slapshot by Jeff Petry.
1:05 of 3rd period - Shot Blocked by Matt Niskanen.
1:07 of 3rd period - Slapshot by Jeff Petry.
1:07 of 3rd period - Stopped by Calvin Pickard with a rebound.
1:09 of 3rd period - Slapshot by Ryan Dzingel.
1:09 of 3rd period - Stopped by Calvin Pickard without a rebound.
1:10 of 3rd period - Gabriel Bourque wins face-off versus Anton Lander in Mulligans zone.
1:13 of 3rd period - Snap shot by Chris Thorburn.
1:13 of 3rd period - Shot Blocked by Thomas Hickey.
1:15 of 3rd period - Snap shot by Stephane Da Costa.
1:15 of 3rd period - Shot Misses the Net.
1:17 of 3rd period - Slapshot by Dylan Blujus.
1:17 of 3rd period - Shot Blocked by Logan Shaw.
1:19 of 3rd period - Slapshot by Dylan Blujus.
1:19 of 3rd period - Stopped by Calvin Pickard with a rebound.
1:21 of 3rd period - Slapshot by Stephane Da Costa.
1:21 of 3rd period - Stopped by Calvin Pickard without a rebound.
1:22 of 3rd period - Sven Baertschi wins face-off versus Stephane Da Costa in Mulligans zone.
1:49 of 3rd period - Tommy Wingels is hit by Thomas Hickey and loses puck.
2:21 of 3rd period - Thomas Hickey is hit by Arturs Kulda and loses puck.
3:35 of 3rd period - Anton Lander is hit by Patrick Bordeleau and loses puck.
3:50 of 3rd period - Wrist shot by Anton Lander.
3:50 of 3rd period - Stopped by Ben Bishop with a rebound.
4:52 of 3rd period - Minor Penalty to Patrick Bordeleau for Holding.
4:53 of 3rd period - Joonas Donskoi wins face-off versus Stephane Da Costa in Senators zone.
5:02 of 3rd period - Snap shot by Eric Tangradi.
5:02 of 3rd period - Stopped by Ben Bishop with a rebound.
5:04 of 3rd period - Slapshot by Cade Fairchild.
5:04 of 3rd period - Shot Blocked by Jeff Petry.
5:06 of 3rd period - Snap shot by Jonathan Tremblay.
5:06 of 3rd period - Shot Blocked by Jeff Petry.
5:08 of 3rd period - Wrist shot by Eric Tangradi.
5:08 of 3rd period - Stopped by Ben Bishop with a rebound.
5:39 of 3rd period - Joonas Donskoi is hit by Jeff Petry and loses puck.
6:52 of 3rd period - Penalty to Patrick Bordeleau is over, Patrick Bordeleau is back on ice.
7:39 of 3rd period - Thomas Hickey is hit by Stephane Da Costa and loses puck.
8:19 of 3rd period - Anton Lander is hit by Chris Thorburn.
8:34 of 3rd period - Drayson Bowman is hit by Chris Thorburn and loses puck.
9:01 of 3rd period - Tommy Wingels is hit by Jonathan Tremblay.
9:28 of 3rd period - Christoph Bertschy is hit by Freddie Hamilton and loses puck.
9:41 of 3rd period - Jeff Petry is hit by Anton Lander and loses puck.
10:11 of 3rd period - Freddie Hamilton is hit by Sven Baertschi and loses puck.
10:22 of 3rd period - Jonathan Tremblay is hit by Marc-André Bernier and loses puck.
10:32 of 3rd period - Icing by Anton Lander.
10:33 of 3rd period - Anton Lander wins face-off versus Tommy Wingels in Mulligans zone.
10:40 of 3rd period - Snap shot by Matt Frattin.
10:40 of 3rd period - Stopped by Calvin Pickard with a rebound.
10:42 of 3rd period - Snap shot by Logan Stephenson.
10:42 of 3rd period - Deflect By Patrick Bordeleau.
10:42 of 3rd period - Stopped by Calvin Pickard with a rebound.
10:44 of 3rd period - Snap shot by Matt Frattin.
10:44 of 3rd period - Shot Misses the Net.
10:50 of 3rd period - Patrick Bordeleau is hit by Matt Niskanen and loses puck.
11:01 of 3rd period - Snap shot by Sven Baertschi.
11:01 of 3rd period - Stopped by Ben Bishop with a rebound.
12:08 of 3rd period - Icing by Matt Niskanen.
12:09 of 3rd period - Stephane Da Costa wins face-off versus Christoph Bertschy in Mulligans zone.
12:19 of 3rd period - Off-side.
12:20 of 3rd period - Anton Lander wins face-off versus Tommy Wingels in neutral zone.
12:47 of 3rd period - Icing by Cade Fairchild.
12:48 of 3rd period - Sven Baertschi wins face-off versus Shane Prince in Mulligans zone.
12:53 of 3rd period - Wrist shot by Eric Tangradi.
12:53 of 3rd period - Deflect By Marc-André Bernier.
12:53 of 3rd period - Shot Misses the Net.
12:53 of 3rd period - Puck is out of play.
12:54 of 3rd period - Gabriel Bourque wins face-off versus Sven Baertschi in Senators zone.
12:59 of 3rd period - Slapshot by Gabriel Bourque.
12:59 of 3rd period - Shot Misses the Net.
13:05 of 3rd period - Snap shot by Stephane Da Costa.
13:05 of 3rd period - Shot Blocked by Thomas Hickey.
13:07 of 3rd period - Slapshot by Arturs Kulda.
13:07 of 3rd period - Shot Misses the Net.
13:09 of 3rd period - Wrist shot by Gabriel Bourque.
13:09 of 3rd period - Shot Misses the Net.
13:20 of 3rd period - Minor Penalty to Thomas Hickey for Hooking.
13:21 of 3rd period - Logan Shaw wins face-off versus Stephane Da Costa in Mulligans zone.
13:27 of 3rd period - Snap shot by Eric Tangradi.
13:27 of 3rd period - Shot Misses the Net.
14:43 of 3rd period - Anton Lander is hit by Chris Thorburn and loses puck.
15:20 of 3rd period - Penalty to Thomas Hickey is over, Thomas Hickey is back on ice.
15:46 of 3rd period - Jeff Petry is hit by Logan Shaw.
15:50 of 3rd period - Matt Beleskey is hit by Tommy Wingels and loses puck.
16:12 of 3rd period - Christoph Bertschy is hit by Jarrod Maidens and loses puck.
16:52 of 3rd period - Icing by Patrick Bordeleau.
16:53 of 3rd period - Tommy Wingels wins face-off versus Maxime Macenauer in Senators zone.
16:58 of 3rd period - Drayson Bowman is hit by Arturs Kulda and loses puck.
17:31 of 3rd period - Slapshot by Marc-André Bernier.
17:31 of 3rd period - Deflect By Eric Tangradi.
17:31 of 3rd period - Shot Misses the Net.
17:31 of 3rd period - Puck is out of play.
17:32 of 3rd period - Anton Lander wins face-off versus Stephane Da Costa in Mulligans zone.
17:45 of 3rd period - Wrist shot by Matt Beleskey.
17:45 of 3rd period - Stopped by Ben Bishop with a rebound.
17:47 of 3rd period - Slapshot by Matt Beleskey.
17:47 of 3rd period - Shot Misses the Net.
17:57 of 3rd period - Matt Niskanen is hit by Ryan Dzingel and loses puck.
18:07 of 3rd period - Minor Penalty to Ryan Dzingel for High sticking.
18:08 of 3rd period - Joonas Donskoi wins face-off versus Stephane Da Costa in Senators zone.
18:11 of 3rd period - Wrist shot by Jonathan Tremblay.
18:11 of 3rd period - Shot Blocked by Stephane Da Costa.
18:13 of 3rd period - Backhand shot by Joonas Donskoi.
18:13 of 3rd period - Stopped by Ben Bishop without a rebound.
18:14 of 3rd period - Stephane Da Costa wins face-off versus Joonas Donskoi in Senators zone.
18:43 of 3rd period - Snap shot by Logan Shaw.
18:43 of 3rd period - Stopped by Ben Bishop without a rebound.
18:44 of 3rd period - Stephane Da Costa wins face-off versus Joonas Donskoi in Senators zone.
19:27 of 3rd period - Snap shot by Cody Goloubef.
19:27 of 3rd period - Shot Misses the Net.
19:29 of 3rd period - Slapshot by Cade Fairchild.
19:29 of 3rd period - Stopped by Ben Bishop with a rebound.
19:31 of 3rd period - Slapshot by Joonas Donskoi.
19:31 of 3rd period - Stopped by Ben Bishop with a rebound.
19:33 of 3rd period - Wrist shot by Jonathan Tremblay.
19:33 of 3rd period - Stopped by Ben Bishop without a rebound.
19:34 of 3rd period - Patrick Roy call a timeout for Senators.
19:34 of 3rd period - Stephane Da Costa wins face-off versus Anton Lander in Senators zone.
Goals for this period are 0 for Senators vs 0 for Mulligans.
Shots for this period are 9 for Senators vs 11 for Mulligans.
Back to the Top